 Seeded DCSS version 0.29-a0-617-g7a6b98fccd (webtiles) character file.

Game seed: 20220615 (custom seed)

791 Kazon the Sneak (level 7, 0/42 HPs)
             Began as a Vampire Berserker on June 17, 2022.
             Was a Priest of Trog.
             Slain by a gnoll sergeant
             ... wielding a +0 spear
              (6 damage)
             ... on level 5 of the Dungeon.
             The game lasted 00:19:27 (3863 turns).

Kazon the Sneak (Vampire Berserker)                 Turns: 3863, Time: 00:19:27

Health: 0/42       AC: 10    Str: 18    XL:     7   Next: 57%
Magic:  16/16      EV: 14    Int: 10    God:    Trog [***...]
Gold:   266        SH:  0    Dex: 13    Spells: 6/6 levels left

rFire   . . .      SeeInvis +   v - +2 dagger (venom)
rCold   + + .      Faith    .   (no shield)
rNeg    + + +      Spirit   .   l - +0 scale mail
rPois   ∞          Reflect  .   t - +2 helmet
rElec   .          Harm     .   (no cloak)
rCorr   .          Rampage  .   (no gloves)
Will    .....                   (no boots)
Stlth   ++++......              (no amulet)
HPRegen 0.00/turn               m - ring of magical power
MPRegen 0.15/turn               b - +4 ring of evasion

@: bloodless, inhibited regen
A: bloodless, fangs 3, see invisible, vampiric 2
a: Bat Form, Revivify, Renounce Religion, Trog's Hand


You were on level 5 of the Dungeon.
You worshipped Trog.
Trog was most pleased with you.
You visited 1 branch of the dungeon, and saw 6 of its levels.

You collected 266 gold pieces.

Inventory:

Hand Weapons
 a - a +0 long sword
 e - a +0 dagger of electrocution
 o - the +1 war axe "Kodd" {vorpal, Int+2 SInv}
   (You found it on level 2 of the Dungeon)

   It inflicts extra damage upon your enemies.
   Int:       It affects your intelligence (+2).
   SInv:      It lets you see invisible.
 v - a +2 dagger of venom (weapon)
Missiles
 s - 45 stones (quivered)
Armour
 l - a +0 scale mail (worn)
 t - a +2 helmet (worn)
Jewellery
 b - a +4 ring of evasion (right hand)
 m - a ring of magical power (left hand)
 u - the ring of Entep {Ice rN++ Int+2}
   (You found it on level 4 of the Dungeon)

   [ring of ice]

   It enhances your ice magic.
   Int:       It affects your intelligence (+2).
   rF:        It makes you vulnerable to fire.
   rC:        It protects you from cold.
   rN:        It greatly protects you from negative energy.
 x - a ring of protection from cold
Scrolls
 d - a scroll of immolation {unknown}
 g - 2 scrolls of identify
 h - 2 scrolls of fear {unknown}
 i - 2 scrolls of fog {unknown}
 j - 2 scrolls of vulnerability {unknown}
 k - 3 scrolls of teleportation {unknown}
 w - a scroll of enchant weapon {unknown}
Potions
 c - a potion of berserk rage
 f - 2 potions of lignification {unknown}
 n - a potion of degeneration {unknown}
 p - 3 potions of curing {unknown}
 q - a potion of mutation {unknown}
 r - a potion of heal wounds {unknown}
 y - a potion of haste {unknown}
 z - a potion of might {unknown}


   Skills:
 + Level 3.9 Fighting
 + Level 5.3 Short Blades
 + Level 2.2 Axes
 + Level 1.3 Throwing
 + Level 3.5 Armour
 + Level 3.3 Dodging
 + Level 5.4 Stealth


You had 6 spell levels left.
You didn't know any spells.
Your spell library was empty.

Dungeon Overview and Level Annotations

Branches:
Dungeon (6/15)             Temple (0/1) D:4

Altars:


Innate Abilities, Weirdness & Mutations

You do not regenerate when monsters are visible.
You are frail without blood (-20% HP).
You can heal yourself when you bite living creatures.
You are immune to poison.
You have razor-sharp teeth.
You have supernaturally acute eyesight. (SInv)
You are afflicted with vampirism and can become a bat while bloodless.


Message History

The gnoll sergeant barely misses you. The gnoll hits you but does no damage.
You hit the gnoll sergeant but do no damage.
The gnoll sergeant is poisoned.
You hit the gnoll sergeant but do no damage.
The gnoll hits you with a +0 flail of protection!
The gnoll sergeant hits you with a +0 spear!
* * * LOW HITPOINT WARNING * * *
You hit the gnoll sergeant.
The gnoll sergeant looks as sick as possible!
The gnoll sergeant is lightly wounded.
You kill the gnoll!
Trog accepts your kill. The gnoll sergeant closely misses you.
You hit the gnoll sergeant but do no damage.
The gnoll sergeant looks as sick as possible!
The gnoll sergeant is lightly wounded.
The gnoll sergeant hits you but does no damage.
You hit the gnoll sergeant but do no damage.
The gnoll sergeant looks as sick as possible!
The gnoll sergeant is lightly wounded.
You hit the gnoll sergeant but do no damage.
The gnoll sergeant looks as sick as possible!
The gnoll sergeant is lightly wounded.
The gnoll sergeant misses you.
You hit the gnoll sergeant.
The gnoll sergeant looks as sick as possible!
The gnoll sergeant is heavily wounded.
The gnoll sergeant hits you with a +0 spear.
* * * LOW HITPOINT WARNING * * *
You hit the gnoll sergeant but do no damage.
The gnoll sergeant is severely wounded.
You hit the gnoll sergeant but do no damage.
The gnoll sergeant looks as sick as possible!
The gnoll sergeant is severely wounded.
The gnoll sergeant closely misses you.
You hit the gnoll sergeant but do no damage.
The gnoll sergeant looks as sick as possible!
The gnoll sergeant is almost dead.
The gnoll sergeant hits you with a +0 spear.
You die...

... ##.....[))... ....
#......)....# ....
#........>.## ..... ###
##........###
....##########.###
###.....###.
#.....##......### ##...####.
##..............###########..
#.............)...).).......
###.....(((g@)...#######.>...
.##......(.........# ###.....
..............(....##
##.......
g...................#
#........
........./.........##
##........
>.g................#
##.........
............)......#
#..........
..#...............##
##..........
##.............##
#...........


You could see a gnoll sergeant (extremely poisoned).

Vanquished Creatures
  Eustachio (D:5)
  An ice beast (D:5)
  A centaur (D:3)
  A necrophage (D:5)
  2 scorpions
  A jelly (D:4)
  An iguana (D:3)
  2 orc wizards (D:5)
  Robin (D:3)
  3 gnolls (D:5)
  7 adders
  2 worms
  3 dart slugs
  4 orcs
  5 endoplasms
  A giant cockroach (D:1)
  18 goblins
  6 hobgoblins
  2 jackals (D:1)
  2 quokkas
  8 ball pythons
  4 bats
  4 frilled lizards
  7 kobolds
  A rat (D:3)
88 creatures vanquished.

Notes
Turn   | Place    | Note
-------+----------+-------------------------------------------
     0 | D:1      | Kazon the Vampire Berserker began the quest for the Orb.
     0 | D:1      | Reached XP level 1. HP: 17/17 MP: 1/1
    42 | D:1      | Found a faded altar of an unknown god.
   228 | D:1      | Reached XP level 2. HP: 23/23 MP: 2/2
   692 | D:1      | You fall into a shaft and drop 1 floor!
   761 | D:2      | Reached ** piety under Trog
  1135 | D:2      | Identified the +9 mace of Dailub {holy, rPois rF- Int+7
                  | SInv}
  1144 | D:2      | Gained mutation: You are afflicted with vampirism and can
                  | become a bat while bloodless. [Vampire growth]
  1144 | D:2      | Reached XP level 3. HP: 28/28 MP: 3/3
  1183 | D:1      | Reached skill level 1 in Stealth
  1202 | D:2      | Identified the +1 war axe "Kodd" {vorpal, Int+2 SInv}
  1429 | D:2      | Reached XP level 4. HP: 35/35 MP: 4/4
  1841 | D:3      | Noticed Robin
  1860 | D:3      | Killed Robin
  1861 | D:3      | Reached skill level 1 in Axes
  1878 | D:3      | HP: 1/28 [goblin/+0 dagger[Robin] (3)]
  2482 | D:3      | Noticed a centaur
  2496 | D:3      | Killed a centaur
  2497 | D:3      | Reached XP level 5. HP: 18/32 MP: 5/5
  2879 | D:4      | Identified the ring of Entep {Ice rN++ Int+2}
  2954 | D:4      | Reached *** piety under Trog
  3110 | D:4      | Reached XP level 6. HP: 37/37 MP: 6/6
  3164 | D:4      | Reached skill level 1 in Throwing
  3258 | D:4      | Found a staircase to the Ecumenical Temple.
  3518 | D:5      | Entered Level 5 of the Dungeon
  3530 | D:5      | Noticed an ice beast
  3538 | D:5      | Killed an ice beast
  3641 | D:5      | Reached XP level 7. HP: 42/42 MP: 7/7
  3651 | D:5      | Reached skill level 5 in Short Blades
  3766 | D:5      | Noticed Eustachio
  3808 | D:5      | Killed Eustachio
  3809 | D:5      | Reached skill level 5 in Stealth
  3863 | D:5      | Slain by a gnoll sergeant

Illustrated notes

Levels and vault maps discovered:
D:1:      erik_arrival_blinker_ship, layout_loops_ring,
          hellmonk_ecumenical_altar_crossroads, serial_co_window_serial,
          co_window_corner_a, co_window_of_opportunity_a, co_window_paths_a,
          co_window_paths_a, co_window_paths_a, co_window_corner_b,
          co_window_unsneaky_path_d, co_window_broadway_b, co_window_corner_b,
          co_window_broadway_c, co_window_of_opportunity_b,
          co_window_broadway_c, co_window_paths_d, glass_columns_b,
          glass_columns_b, glass_columns_a
D:2:      layout_loops_ring
D:3:      layout_basic, uniq_robin
D:4:      minmay_razor_zed, layout_basic, minmay_temple_entry_statues_fountains
D:5:      layout_cave_pods, uniq_eustachio
D:6:      layout_basic, uniq_blork_the_orc, uniq_grinder

Skill      XL: |  1  2  3  4  5  6  7 |
---------------+----------------------+-----
Short Blades   | 4 5 |  5.3
Fighting       | 3 |  3.9
Stealth        | 1 2 4 5 |  5.4
Axes           | 1 2 |  2.2
Armour         | 2 3 |  3.5
Dodging        | 3 |  3.3
Throwing       | 1 |  1.3

Action                   |  1- 3 |  4- 6 |  7- 9 || total
-------------------------+-------+-------+-------++-------
Melee: Short sword       |    73 |       |       ||    73
       Bite              |     8 |    11 |    12 ||    31
       War axe           |    19 |    40 |       ||    59
       Dagger            |       |    85 |    69 ||   154
       Punch             |       |     1 |     2 ||     3
Throw: Stone             |    16 |    22 |    10 ||    48
 Abil: Exsanguinate      |       |     2 |       ||     2
  Use: Scroll            |     1 |     2 |       ||     3
       Potion            |       |     1 |       ||     1
 Stab: Sleeping          |     2 |     7 |       ||     9
       Distracted        |       |     1 |       ||     1
Armor: Animal skin       |     7 |       |       ||     7
       Scale mail        |    17 |    37 |    13 ||    67
Dodge: Dodged            |    50 |    87 |    48 ||   185

Table legend: (Time is in decaauts)
 A = Elapsed time spent in this place.
 B = Non-inter-level travel time spent in this place.
 C = Inter-level travel time spent in this place.
 D = Time resting spent in this place.
 E = Time spent auto-exploring this place.
 F = Levels seen in this place.
 G = Mean time per level.
                   A        B        C        D        E       F      G
               +--------+--------+--------+--------+--------+-----+--------+
         Total |   3846 |   3774 |     72 |      0 |   1585 |   6 |  641.0 |
       Dungeon |   3846 |   3774 |     72 |      0 |   1585 |   6 |  641.0 |
               +--------+--------+--------+--------+--------+-----+--------+

Top non-repeatable levels by time:
     D:3: 1157 daAuts
     D:1: 956 daAuts
     D:2: 732 daAuts
     D:4: 674 daAuts
     D:5: 296 daAuts
     D:6: 28 daAuts
